AoeStats
← ...CGR...

Four Lakes

508943576Analyzed
1v1 RM · 6d ago on Sep 24, 2026· 48m 6s· 2 players
Game mode
Random Map
Map size
Tiny (2 player)
Population
200
Speed
Normal
Resources
Standard
Victory
Conquest
Starting age
Dark Age
Ending age
Imperial Age
RankedLock teamsTeams togetherTeam positionsShared explorationLock speedFull tech treeHidden civsTurbo modeCheats
Victory
Defeat
🇨🇭 Goths · Switzerland
753
+15
🇹🇷 Turks · Türkiye
722
-15
...CGR...
11:18 Feudal Age
12:21 Double-Bit Axe
17:21 Horse Collar
19:03 Fishing Lines
23:03 Castle Age
24:05 Heavy Plow
24:17 Bow Saw
27:34 Wheelbarrow
26:45 Loom
27:00 Man-at-Arms
29:52 Squires
29:38 Arson
32:45 Hand Cart
33:14 Long Swordsman
37:32 Imperial Age
37:00 Town Watch
40:00 Two-Man Saw
39:27 Conscription
42:43 Bloodlines
42:33 Husbandry
Palto
0:27 Loom
14:07 Feudal Age
15:26 Fishing Lines
15:47 Double-Bit Axe
16:56 Man-at-Arms
19:49 Gold Mining
23:16 Forging
23:07 Scale Mail Armor
25:51 Castle Age
23:59 Stone Mining
23:51 Horse Collar
27:04 Squires
27:03 Long Swordsman
28:35 Iron Casting
29:13 Anarchy
31:47 Imperial Age
29:25 Gillnets
34:18 Conscription
35:12 Perfusion
34:33 Elite Huskarl
36:27 Bow Saw
37:08 Chain Mail Armor
43:09 Pikeman
43:34 Halberdier
Connection lost

Rejoining the realm…

Still unreachable

The connection could not be restored.

Session expired

The server has moved on; the page needs a fresh start.